Unix NetHack Version 5.0.0-0 post-release - last build Jun 10 2026 00:39:30 (3ee93aec679c4c4259841fe613dc97188e26a321,branch:main).

Game began 2026-06-11 16:18:56, ended 2026-06-12 21:16:19.

ARFwashere, lawful male dwarven Archeologist

                          ---           ---
                         --.--         --^--
 -----                   |...-----------...|
 |...|         ---       --....|......)....|
 |...----     --.--       |........--.*...--
 --.....-------...|       --<..-----|.....|
  --.........(....|        |-#....| |....---------- |
   --.....---------        |.)---.------..............-
    |......|.--         ----....|....-----.....---    |         ----
    ---.......0--   ----|.......----...--.....--                |...----
      --...0.....|  |..--......>...---.......-|----              ....|.--
     ---.....-- .- --...............|----.....--..-- ---         -......-
  ----.....*--     |................|   --.........---.---      --.......
 --.|.......--     --.....---.......------.%.............|      |........
 |.....|.....|    ---.....---0...--....|....--...........-     --.......-
 --..-----..-------..)..........----........|--.............-  |..*.....|
  ----   |......%...|.....-------  |........--...............| |......@-
         |..----------....-        --.........--............-- --  --..|
         ----        |.....|       |......--.--------....|...|      ----
                     ----.--       --.|..-- --      --..---.--
                        ---         ------           ----  --
ARFwashere the Field Worker  St:14 Dx:10 Co:15 In:16 Wi:13 Ch:9  Lawful
Dlvl:9  $:0  HP:0(47) Pw:19(19) AC:0  Xp:5 T:5359  Burdened Blind Deaf Conf

Latest messages:
 You miss it.
 It hits!
 What do you want to drink? [bhjrvCJT or ?*] h
 You feel better.
 You can see again.
 The Green-elf thrusts her runed short sword.
 The Green-elf hits!
 What do you want to drink? [bhjrvCJT or ?*] h
 You feel better.
 The Green-elf thrusts her runed short sword.
 The Green-elf hits!
 The Green-elf thrusts her runed short sword.
 The Green-elf hits!
 You miss the Green-elf.
 The Green-elf thrusts her runed short sword.
 The Green-elf hits!
 What do you want to zap? [coDF or ?*] c
 In what direction? l
 The wand hits the Green-elf!
 The Green-elf thrusts her runed short sword.
 The Green-elf hits!
 What do you want to zap? [coDF or ?*] c
 In what direction? l
 The wand hits the Green-elf!
 The Green-elf thrusts her runed short sword.
 The Green-elf hits!
 The Green-elf thrusts her runed short sword.
 The Green-elf just misses!
 What do you want to read? [psyEGIM-PR or ?*] s
 As you read the scroll, it disappears.
 You materialize in a different location!
 You are momentarily blinded by a flash of light!
 You hear a deafening roar!
 It bites!
 What do you want to drink? [bjrvCJT or ?*] ?
 Ooph!  This tastes like liquid fire!
 Call a sky blue potion: booze
 It misses!
 What do you want to drink? [bjrvCT or ?*] ?
 You have a peculiar feeling for a moment, then it passes.
 Call a ruby potion: peculiar
 It bites!
 You miss it.
 It touches you!
 You die...
 Do you want your possessions identified? [ynq] (y) y
 Do you want to see your attributes? [ynq] (y) y
 Do you want an account of creatures vanquished? [ynaq] (y) n
 Do you want to see your conduct and achievements? [ynq] (y) y
 Do you want to see the dungeon overview? [ynq] (y) y

Inventory:
 Weapons  (')')
  a - a +2 bullwhip
  e - a rustproof +0 dwarvish mattock (weapon in hands)
 Armor    ('[')
  L - an uncursed rusty +1 dwarvish iron helm (being worn)
  V - an uncursed +0 pair of leather gloves (being worn)
  z - an uncursed +0 pair of jumping boots (being worn)
  B - an uncursed +0 dwarvish cloak (being worn)
  w - an uncursed +0 dwarvish mithril-coat (being worn)
 Comestibles  ('%')
  d - 11 uncursed food rations
  Q - an uncursed homemade tin of giant beetle meat
 Scrolls  ('?')
  N - an uncursed scroll of amnesia
  E - an uncursed scroll of blank paper
  y - an uncursed scroll of charging
  G - a cursed scroll of create monster
  p - a cursed scroll of enchant weapon
  P - an uncursed scroll of food detection
  O - a blessed scroll of gold detection
  I - an uncursed scroll of identify
  R - a cursed scroll of identify
  M - a blessed scroll of punishment
 Potions  ('!')
  v - an uncursed potion of gain energy
  b - a blessed potion of paralysis
  j - a cursed potion of paralysis
  T - an uncursed potion of sickness
  r - 2 uncursed potions of water
 Wands    ('/')
  D - a wand of polymorph (0:3)
  F - a wand of secret door detection (0:15)
  o - a wand of secret door detection (0:11)
  c - a wand of striking (0:0)
 Tools    ('(')
  i - an uncursed sack containing 1 item
  K - a magic marker (0:44)
  l - an uncursed oil lamp
  k - an uncursed skeleton key
  f - a tinning kit (0:95)
 Gems/Stones  ('*')
  u - an uncursed agate stone
  n - an uncursed amethyst stone
  A - an uncursed chrysoberyl stone
  U - an uncursed dilithium crystal
  x - an uncursed sapphire
  g - an uncursed touchstone

Contents of the sack:
  233 gold pieces

ARFwashere the Archeologist's attributes:

Background:
 You were a Field Worker, a level 5 male dwarven Archeologist.
 You were lawful, on a mission for Quetzalcoatl
 who was opposed by Camaxtli (neutral) and Huhetotl (chaotic).
 You were right-handed.
 You were in the Gnomish Mines, on level 9.
 You entered the dungeon 5359 turns ago.
 You had 241 experience points, 79 more were needed to attain level 6.

Basics:
 You had 0 out of 47 hit points.
 You had all 19 energy points (spell power).
 Your armor class was 0.
 Your wallet was empty, but
 you had 233 zorkmids stashed away in your pack.
 Autopickup was on for '$' plus thrown.

Final Characteristics:
 Your strength was 14 (limit:18/100).
 Your dexterity was 10 (limit:20).
 Your constitution was 15 (limit:20).
 Your intelligence was 16 (limit:16).
 Your wisdom was 13 (limit:16).
 Your charisma was 9 (limit:16).

Final Status:
 You were confused.
 You were temporarily blind.
 You were deaf.
 You weren't hungry.
 You were burdened; movement was slightly slowed.
 You were wielding a mattock.
 You had basic skill with pick-axe.

Final Attributes:
 You were piously aligned.
 Your items were somewhat protected from fire.
 Your items were somewhat protected from cold.
 You had automatic searching.
 You had infravision.
 You were stealthy.
 You could jump.
 You were guarded.
 You are dead.

Miscellaneous:
 You didn't encounter any bones levels.
 Total elapsed playing time was 1 hour, 32 minutes and 15 seconds.

Major events:
 Turn
    1: ARFwashere the lawful male dwarven Archeologist entered the dungeon
  782: attained the rank of Field Worker (level 3)
 1746: entered the Gnomish Mines
 2726: reached Mine Town
 5359: killed by a quivering blob

You didn't know any spells.

Skills:
 Fighting Skills
   bare handed combat [Unskilled]
   two weapon combat  [Unskilled]
   riding             [Unskilled]
 Weapon Skills
   dagger             [Unskilled]
   knife              [Unskilled]
   pick-axe           [Basic]
   short sword        [Unskilled]
   saber              [Unskilled]
   club               [Unskilled]
   quarterstaff       [Unskilled]
   sling              [Unskilled]
   dart               [Unskilled]
   boomerang          [Unskilled]
   whip               [Basic]
   unicorn horn       [Unskilled]
 Spellcasting Skills
   attack spells      [Unskilled]
   healing spells     [Unskilled]
   divination spells  [Unskilled]
   matter spells      [Unskilled]

Voluntary challenges:
 Character rerolling was not enabled.
 You never genocided any monsters.
 You never polymorphed an object.
 You never changed form.
 You used no wishes.
Achievements:
 You entered a shop.
 You attained the rank of Field Worker.
 You entered the Gnomish Mines.
 You entered Minetown.
 You entered a temple.

 The Dungeons of Doom: levels 1 to 4
    Level 1:
       A fountain.
    Level 2:
       A general store, a fountain.
    Level 3:
       A general store, a fountain.
    Level 4:
       A fountain.
       Stairs down to The Gnomish Mines.
 The Gnomish Mines: levels 5 to 10
    Level 5:
    Level 6:
    Level 7:
       Many shops, a temple and an altar to Quetzalcoatl, some fountains.
    Level 8:
    Level 9: <- You were here.
       Final resting place for
          you, killed by a quivering blob.
    Level 10:


Vanquished creatures:
  a watch captain
  3 watchmen
  a giant beetle
  a leprechaun
 an iron piercer
  a giant spider
  2 ogres
  a werewolf
  a jaguar
  a snake
  2 Mordor orcs
 an orc shaman
  a rock piercer
  a rock mole
  4 yellow lights
  a shrieker
  6 gnome leaders
  4 gnomish wizards
 an elf zombie
  2 giant ants
  a little dog
  3 kittens
  2 dwarves
  2 kobold leaders
  2 kobold shamans
  a rothe
  2 giant bats
  a dwarf zombie
  a wererat
  a werejackal
  2 iguanas
 an acid blob
  a gas spore
  a hobbit
  7 manes
  3 large kobolds
  a hobgoblin
  3 giant rats
  3 yellow molds
  a green mold
 29 gnomes
  2 geckos
  2 jackals
  2 foxes
  3 goblins
  5 sewer rats
  9 grid bugs
  3 bats
  a lichen
  9 newts
140 creatures vanquished.

No species were genocided or became extinct.

Game over:
                       ----------
                      /          \
                     /    REST    \
                    /      IN      \
                   /     PEACE      \
                  /                  \
                  |    ARFwashere    |
                  |      233 Au      |
                  |   killed by a    |
                  |  quivering blob  |
                  |                  |
                  |                  |
                  |       2026       |
                 *|     *  *  *      | *
        _________)/\\_//(\/(/\)/\//\/|_)_______

Goodbye ARFwashere the Archeologist...

You died in The Gnomish Mines on dungeon level 9 with 1674 points,
and 233 pieces of gold, after 5359 moves.
You were level 5 with a maximum of 47 hit points when you died.

